 Dungeon Crawl Stone Soup version 0.31-a0-963-ga325b2283a (webtiles) character file.

Game seed: 8830989871325783827

403 LeprechaunX the Changeling (level 6, -6/42 HPs)
             Began as an Octopode Shapeshifter on Oct 26, 2023.
             Was an Initiate of Ru.
             Mangled by Sigmund
             ... wielding a +3 scythe of flaming
              (12 damage)
             ... on level 4 of the Dungeon.
             The game lasted 00:04:10 (2537 turns).

LeprechaunX the Changeling (Octopode Shapeshifter)  Turns: 2537, Time: 00:04:10

Health: -6/42      AC:  1    Str: 14    XL:     6   Next: 86%
Magic:  6/6        EV: 12    Int: 12    God:    Ru [......]
Gold:   169        SH:  4    Dex: 13    Spells: 5/5 levels left

rFire   + .          .
                       - Unarmed
rCold   . . .        g - +0 buckler
rNeg    . . .        (helmet currently unavailable)
rPois   .            (no amulet)
rElec   .            i - ring of resist corrosion
rCorr   +            n - ring of protection from fire
SInv    .            (no ring)
Will    .....        (no ring)
Stlth   ++           (no ring)
HPRegen 0.27/turn    (no ring)
MPRegen 0.10/turn    (no ring)
                     (no ring)

%: no passive effects
@: beast-form
A: beast (slay +2), almost no armour, amphibious, 8 rings, camouflage 1,
gelatinous body 1, (nimble swimmer 1), tentacles
a: Begin Untransformation, Renounce Religion


You were on level 4 of the Dungeon.
You worshipped Ru.
Ru was noncommittal.
You were a hulking beast.
You visited 1 branch of the dungeon, and saw 4 of its levels.

You collected 169 gold pieces.

Inventory:

Missiles
 q - 4 boomerangs
Armour
 g - a +0 buckler (worn)
Jewellery
 i - a ring of resist corrosion (left tentacle)
 n - a ring of protection from fire (right tentacle)
Talismans
 b - a beast talisman
 c - a flux talisman
Scrolls
 e - 2 scrolls of vulnerability {unknown}
 h - 2 scrolls of immolation {unknown}
 j - 5 scrolls of poison {unknown}
 k - a scroll of fog {unknown}
 l - a scroll of identify {unknown}
 m - 2 scrolls of revelation {unknown}
 p - 2 scrolls of teleportation {unknown}
 r - a scroll of amnesia {unknown}
 s - a scroll of blinking {unknown}
 u - a scroll of noise {unknown}
Potions
 a - a potion of lignification
 d - a potion of enlightenment {unknown}
 f - a potion of might {unknown}
 o - a potion of haste {unknown}
 t - a potion of cancellation {unknown}


   Skills:
 + Level 3.1 Fighting
 - Level 2.0 Dodging
 + Level 2.4 Shields
 + Level 4.2 Unarmed Combat
 * Level 5.0 Shapeshifting


You had 5 spell levels left.
You didn't know any spells.
Your spell library contained the following spells:

 Spells                   Type           Power      Damage    Failure   Level
 Tukima's Dance           Hex            0%         N/A       78%         3
 Passage of Golubria      Tloc           0%         N/A       99%         4
 Yara's Violent Unravell  Hex/Tmut       0%         3d3       100%        5


Dungeon Overview and Level Annotations

Branches:
Dungeon (4/15)
 Temple: D:4-7

Altars:
Okawaru
Ru

Annotations:
D:4 Natasha, Pikel, Sigmund


Innate Abilities, Weirdness & Mutations

You are a hulking beast.
Your limbs bulge with bestial killing power. (Slay +2)
You cannot wear most types of armour.
You are amphibious.
You can wear up to eight rings at the same time.
Your skin changes colour to match your surroundings (Stealth+).
Your rubbery body absorbs attacks. (AC +1, EV +1)
((You are camouflaged when in or above water. (Stealth+)))
You have tentacles for arms and can constrict up to eight enemies at once.


Message History

The kobold shouts!
Sigmund shouts!
Sigmund screams, "Don't try to resist!"
Sigmund says, "I'm your fate." Sigmund casts a spell at you.
You resist with some effort.
Sigmund casts a spell.
Sigmund flickers and vanishes!
Deactivating autopickup; reactivate with Ctrl-A.
An orc comes into view. It is wielding a +0 short sword.
An orc comes into view. It is wielding a +0 hand axe.
The orc shouts!
You hear a shout! x2
The orc shouts!
An orc wizard comes into view. It is wielding a +0 dagger.
You tentacle-slap the orc.
You kill the orc!
An orc comes into view. It is wielding a +0 war axe.
Things that are here:
a +0 hand axe; a +0 leather armour; an orc corpse You closely miss the orc wizard.
You grab the orc wizard. You squeeze the orc wizard.
The orc wizard is moderately wounded.
You constrict the orc wizard. The orc wizard misses you.
You tentacle-slap the orc wizard.
You squeeze the orc wizard, but do no damage.
The orc wizard is heavily wounded.
You constrict the orc wizard. The orc wizard misses you.
The kobold hits you with a +0 short sword.
You tentacle-slap the orc wizard.
The orc wizard is almost dead.
You constrict the orc wizard. You block the orc wizard's attack.
The kobold hits you with a +0 short sword.
You tentacle-slap the orc wizard.
You kill the orc wizard!
Something hits you! Something burns you.
The kobold hits you with a +0 short sword.
You tentacle-slap the kobold but do no damage.
Your grab misses the kobold. The orc hits you with a +0 war axe!
* * * LOW HITPOINT WARNING * * *
Something hits you!
You die... ######### #....K..######## # #.#####......... ..# #.# #####..... ... #.# #.#### .. #.# #.# #.###{# #####.## #oohK.#

#......#
#.#####
#.###..# #
######.###..#
#...........#
#.
#.####.####.#
#. #.# #.# .#
#.# #.# #.#
.# #.# #.#
#.# .#
#.####.####.#


You could see 2 orcs and a kobold.

Vanquished Creatures
  Edmund (D:4)
  A bullfrog (D:4)
  3 orc wizards
  An iguana (D:4)
  3 adders
  A worm (D:3)
  A dart slug (D:1)
  8 orcs
  4 bats
  11 endoplasms
  A giant cockroach (D:2)
  7 goblins
  9 hobgoblins
  10 kobolds
  4 quokkas
  7 ball pythons
  7 rats
79 creatures vanquished.

Notes
Turn   | Place    | Note
-------+----------+-------------------------------------------
     0 | D:1      | LeprechaunX the Octopode Shapeshifter began the quest for
                  | the Orb.
     0 | D:1      | Reached XP level 1. HP: 13/13 MP: 1/1
   120 | D:1      | Reached XP level 2. HP: 17/18 MP: 2/2
   496 | D:1      | Reached XP level 3. HP: 23/23 MP: 3/3
   972 | D:2      | Reached XP level 4. HP: 24/29 MP: 4/4
   976 | D:2      | Reached skill level 1 in Shields
  1112 | D:2      | Reached skill level 4 in Shapeshifting
  1364 | D:2      | Found a sacrificial altar of Ru.
  1526 | D:2      | Reached XP level 5. HP: 29/34 MP: 5/5
  1692 | D:2      | Became a worshipper of Ru the Awakened
  2190 | D:4      | Noticed Natasha
  2194 | D:4      | Noticed Pikel
  2194 | D:4      | Noticed a lemure
  2259 | D:4      | Reached XP level 6. HP: 41/41 MP: 6/6
  2386 | D:4      | Found an iron altar of Okawaru.
  2393 | D:4      | Noticed Edmund
  2421 | D:4      | Killed Edmund
  2422 | D:4      | Reached skill level 5 in Shapeshifting
  2512 | D:4      | Noticed Sigmund
  2537 | D:4      | Mangled by Sigmund

Illustrated notes

Levels and vault maps discovered:
D:1:      psy_arrival_statuary, layout_loops_ring,
          ebering_dispersal_statue_hall, minmay_surrounded
D:2:      layout_loops_cross, basic_altar, minmay_tetromino_l4
D:3:      layout_rooms
D:4:      layout_loops_ring, mainiacjoe_overflow_concentric_impassable,
          portal_sewer_entry_e, chequers_serial_rivers_micro_c, uniq_edmund,
          uniq_natasha, uniq_sigmund, uniq_pikel

Skill      XL: |  1  2  3  4  5  6 |
---------------+-------------------+-----
Fighting       | 2 3 |  3.1
Shields        | 1 2 |  2.4
Shapeshifting  | 4 5 |  5.0
Unarmed Combat | 4 |  4.2
Dodging        | |  2.0

Action                     |  1- 3 |  4- 6 || total
---------------------------+-------+-------++-------
  Melee: Unarmed           |    49 |   118 ||   167
         Constrict         |    12 |    24 ||    36
         Tentacles         |     8 |    16 ||    24
         Punch             |     1 |     4 ||     5
    Use: Potion            |       |     1 ||     1
   Stab: Sleeping          |     5 |    11 ||    16
 Armour: Skin              |    12 |    51 ||    63
  Dodge: Dodged            |    25 |    41 ||    66
  Block: Buckler           |     4 |    16 ||    20

Table legend: (Time is in decaauts)
 A = Elapsed time spent in this place.
 B = Non-inter-level travel time spent in this place.
 C = Inter-level travel time spent in this place.
 D = Time resting spent in this place.
 E = Time spent auto-exploring this place.
 F = Levels seen in this place.
 G = Mean time per level.
                   A        B        C        D        E       F      G
               +--------+--------+--------+--------+--------+-----+--------+
         Total |   2531 |   2407 |    124 |    125 |   1644 |   4 |  632.8 |
       Dungeon |   2531 |   2407 |    124 |    125 |   1644 |   4 |  632.8 |
               +--------+--------+--------+--------+--------+-----+--------+

Top non-repeatable levels by time:
     D:1: 870 daAuts
     D:2: 833 daAuts
     D:3: 477 daAuts
     D:4: 350 daAuts
